 Dungeon Crawl Stone Soup version 0.30-a0-715-gdb4ae3ece1 (webtiles) character file.

Game seed: 2449837156667874212

915 testman the Reanimator (level 7, -1/46 HPs)
             Began as a Demonspawn Necromancer on Jan 24, 2023.
             Slain by a gnoll sergeant
             ... wielding a +2 trident of freezing
              (14 damage)
             ... on level 5 of the Dungeon.
             The game lasted 00:16:16 (4091 turns).

testman the Reanimator (Demonspawn Necromancer)     Turns: 4091, Time: 00:16:17

Health: -1/46      AC:  8    Str:  8    XL:     7   Next: 82%
Magic:  12/15      EV: 11    Int: 19    God:
Gold:   299        SH:  4    Dex: 13    Spells: 4/17 levels left

rFire   . . .      SeeInvis .    v - +3 hand axe (venom)
rCold   . . .      Faith    +    x - +0 buckler
rNeg    . . .      Spirit   .    a - +0 robe
rPois   +          Reflect  .    (helmet restricted)
rElec   .          Harm     .    i - +2 cloak
rCorr   +          Rampage  .    (no gloves)
Will    .....                    (no boots)
Stlth   ++                       w - amulet of faith
HPRegen 0.27/turn                c - ring of poison resistance
MPRegen 0.14/turn                o - ring of resist corrosion

@: animating dead
A: horns 1, thin metallic scales 2, ignite blood 1
a: no special abilities


You were on level 5 of the Dungeon.
You visited 1 branch of the dungeon, and saw 5 of its levels.

You collected 299 gold pieces.

Inventory:

Hand Weapons
 d - a +4 dagger
 j - a +0 sling
 v - a +3 hand axe of venom (weapon)
Armour
 a - a +0 robe (worn)
 i - a +2 cloak (worn)
 s - a +0 kite shield
 x - a +0 buckler (worn)
Jewellery
 c - a ring of poison resistance (left hand)
 o - a ring of resist corrosion (right hand)
 w - an amulet of faith (around neck)
Scrolls
 g - 3 scrolls of magic mapping {unknown}
 k - 5 scrolls of teleportation {unknown}
 l - 3 scrolls of identify {unknown}
 m - 2 scrolls of fog {unknown}
 r - a scroll of immolation {unknown}
 t - a scroll of blinking {unknown}
 u - 2 scrolls of fear {unknown}
Potions
 b - a potion of magic
 e - a potion of lignification {unknown}
 f - a potion of flight {unknown}
 h - a potion of attraction {unknown}
 n - a potion of degeneration {unknown}
 p - 2 potions of brilliance {unknown}
 q - a potion of might {unknown}


   Skills:
 - Level 1.7 Dodging
 - Level 1.7 Stealth
 + Level 1.8 Shields
 + Level 5.9 Spellcasting
 + Level 8.0 Necromancy


You had 4 spell levels left.
You knew the following spells:

 Your Spells              Type           Power      Damage    Failure   Level
a - Necrotise             Necr           100%       1d9       1%          1
b - Vampiric Draining     Necr           36%        2d8       1%          3
c - Animate Dead          Necr           36%        N/A       5%          4
d - Agony                 Necr           36%        N/A       16%         5

Your spell library contained the following spells:

 Spells                   Type           Power      Damage    Failure   Level
 Poisonous Vapours        Pois/Air       10%        N/A       22%         2
 Mephitic Cloud           Conj/Pois/Air  5%         N/A       41%         3


Dungeon Overview and Level Annotations

Branches:
Dungeon (5/15)
 Temple: D:4-7

Altars:
Okawaru

Shops:
D:5 *

Annotations:
D:5 Grinder


Innate Abilities, Weirdness & Mutations

You have a pair of small horns on your head.
You are mostly covered in thin metallic scales. (AC +3)
Your demonic aura sometimes causes spilled blood to erupt in flames.


Message History

Casting: Vampiric Draining (safe; 1% risk of failure)
Confirm with . or Enter, or press ? or * to list all spells.
You call upon the dead to rise.
You climb downwards.
Level annotation: Grinder
There is a stone staircase leading up, spattered with blood here.
Unknown command.
The gnoll sergeant closely misses you. Grinder gestures at you.
Pain shoots through your body!
You see here a +0 shortbow.
You hit the gnoll sergeant but do no damage.
The gnoll sergeant is poisoned.
You barely miss Grinder.
The gnoll hits you from afar with a +0 halberd.
Grinder blinks!
The gnoll sergeant barely misses you.
The gnoll sergeant hits you with a +2 trident of freezing.
The gnoll sergeant freezes you. The gnoll hits you but does no damage.
You barely miss the gnoll sergeant.
Your headbutt misses the gnoll sergeant.
You block the gnoll's attack.
The gnoll sergeant hits you with a +2 trident of freezing!
The gnoll sergeant freezes you.
The gnoll hits you from afar with a +0 spear.
The gnoll sergeant hits you with a +2 trident of freezing.
The gnoll sergeant freezes you.
You see here a +0 mace.
You hit the gnoll sergeant.
The gnoll sergeant looks as sick as possible!
You headbutt the gnoll sergeant, but do no damage.
The gnoll sergeant is heavily wounded.
You hit the gnoll.
The gnoll is poisoned.
The gnoll closely misses you. The gnoll barely misses you.
The gnoll sergeant barely misses you.
You hit the gnoll sergeant.
The gnoll sergeant looks as sick as possible!
The gnoll sergeant is heavily wounded.
You completely miss the gnoll. The gnoll hits you with a +0 halberd.
* * * LOW HITPOINT WARNING * * *
The gnoll hits you but does no damage.
The gnoll sergeant hits you with a +2 trident of freezing!
You die...

.#.#.#.#
.#.....######### #.
##.#...##......# #..
.....#.>#......###.#
##...#..#..5...#....
...............#.#.###
.......##.######5#...
.......##5######g#.#
.......##...#.g.@).#
.......#...>..##g#<#
.......#.#..####.###
.......#.#.........
###..#.#.##.####...
###.###.##.# #....
###...##.##.. ......
#...∩)...##### ##.....
#.#...#........


You could see Grinder, a gnoll sergeant (extremely poisoned) and 2 gnolls.

Vanquished Creatures
  Sigmund (D:2)
  An ogre (D:5)
  A centaur (D:5)
  A bullfrog (D:5)
  A necrophage (D:5)
  A scorpion (D:5)
  A howler monkey (D:5)
  Jessica (D:2)
  Natasha (twice) (D:2)
  2 iguanas
  2 gnolls (D:5)
  3 adders
  A white imp (D:5)
  An ufetubus (D:4)
  4 worms
  4 orcs
  5 ball pythons
  6 bats
  An endoplasm (D:2)
  2 giant cockroaches
  8 goblins
  11 hobgoblins
  5 jackals
  A quokka (D:3)
  4 frilled lizards
  12 kobolds
  A rat (D:1)
83 creatures vanquished.

Vanquished Creatures (collateral kills)
  A phantom (D:5)
  An adder (D:5)
  An orc (D:5)
  An endoplasm (D:1)
  A jackal (D:1)
  A kobold (D:1)
  A ball python (D:3)
  A bat (D:1)
  A frilled lizard (D:2)
9 creatures vanquished.

Vanquished Creatures (others)
  A centaur zombie (D:5)
  A scorpion zombie (D:5)
  2 adder zombies
  A bat zombie (D:3)
  2 gnoll zombies (D:5)
  An orc zombie (D:5)
8 creatures vanquished.

Grand Total: 100 creatures vanquished

Notes
Turn   | Place    | Note
-------+----------+-------------------------------------------
     0 | D:1      | testman the Demonspawn Necromancer began the quest for the
                  | Orb.
     0 | D:1      | Reached XP level 1. HP: 13/13 MP: 3/3
    79 | D:1      | Gained mutation: Your demonic aura sometimes causes spilled
                  | blood to erupt in flames. [demonic ancestry]
    79 | D:1      | Reached XP level 2. HP: 11/19 MP: 0/5
   682 | D:2      | Noticed Jessica
   736 | D:2      | Reached skill level 5 in Necromancy
   736 | D:2      | Reached XP level 3. HP: 24/24 MP: 2/7
   945 | D:2      | Learned a level 3 spell: Vampiric Draining
  1059 | D:2      | Noticed Sigmund
  1222 | D:2      | Noticed Natasha
  1229 | D:2      | Killed Natasha
  1230 | D:2      | Reached XP level 4. HP: 30/30 MP: 6/8
  1235 | D:2      | Learned a level 4 spell: Animate Dead
  1245 | D:2      | Noticed Natasha
  1250 | D:2      | Killed Natasha
  1552 | D:2      | Killed Sigmund
  1553 | D:2      | Reached skill level 6 in Necromancy
  1553 | D:2      | Gained mutation: You are partially covered in thin metallic
                  | scales. (AC +2) [demonic ancestry]
  1553 | D:2      | Reached XP level 5. HP: 30/35 MP: 1/11
  1553 | D:2      | Gained mutation: You are mostly covered in thin metallic
                  | scales. (AC +3) [demonic ancestry]
  1553 | D:2      | Reached XP level 6. HP: 35/41 MP: 1/12
  1727 | D:2      | Killed Jessica
  1948 | D:3      | Found an iron altar of Okawaru.
  2773 | D:4      | Got the Vellum of Envenoming and Open Graves
  3513 | D:5      | Entered Level 5 of the Dungeon
  3523 | D:5      | Reached skill level 5 in Spellcasting
  3523 | D:5      | Reached skill level 7 in Necromancy
  3544 | D:5      | Found Veaxti's Gadget Gallery.
  3551 | D:5      | Gained mutation: You have a pair of small horns on your
                  | head. [demonic ancestry]
  3551 | D:5      | Reached XP level 7. HP: 39/46 MP: 9/14
  3635 | D:5      | Learned a level 5 spell: Agony
  3710 | D:5      | Reached skill level 1 in Shields
  3884 | D:5      | Reached skill level 8 in Necromancy
  3915 | D:5      | Noticed Grinder
  3916 | D:5      | HP: 1/46 [Grinder/nerve-wracking pain (8)]
  4091 | D:5      | Slain by a gnoll sergeant

Illustrated notes

Levels and vault maps discovered:
D:1:      denvon_arrival_waterhouse, layout_rooms
D:2:      layout_basic, uniq_natasha, uniq_jessica, uniq_sigmund
D:3:      layout_basic, okawaru_trees_2
D:4:      layout_cave_pods, nicolae_overflow_hidden_temple,
          kennysheep_generic_room_13
D:5:      layout_basic, nicolae_shop_gadgets, uniq_crazy_yiuf_cottage,
          uniq_grinder, uniq_pikel

Skill      XL: |  1  2  3  4  5  6  7 |
---------------+----------------------+-----
Necromancy     | 5 6 7 8 |  8.0
Spellcasting   | 3 4 5 |  5.9
Shields        | 1 |  1.8
Dodging        | |  1.7
Stealth        | |  1.7

Action                     |  1- 3 |  4- 6 |  7- 9 || total
---------------------------+-------+-------+-------++-------
  Melee: Unarmed           |    20 |       |       ||    20
         Punch             |     1 |     1 |       ||     2
         Dagger            |    30 |   127 |    17 ||   174
         Hand axe          |       |       |    28 ||    28
         Headbutt          |       |       |    11 ||    11
   Cast: Necrotise         |    37 |    18 |     4 ||    59
         Vampiric Draining |     1 |     2 |     4 ||     7
         Animate Dead      |       |     8 |     3 ||    11
   Stab: Sleeping          |     1 |     1 |     1 ||     3
         Distracted        |       |     2 |       ||     2
 Armour: Robe              |     8 |    56 |    19 ||    83
  Dodge: Dodged            |    38 |    68 |    36 ||   142
  Block: Buckler           |       |       |     7 ||     7

Table legend: (Time is in decaauts)
 A = Elapsed time spent in this place.
 B = Non-inter-level travel time spent in this place.
 C = Inter-level travel time spent in this place.
 D = Time resting spent in this place.
 E = Time spent auto-exploring this place.
 F = Levels seen in this place.
 G = Mean time per level.
                   A        B        C        D        E       F      G
               +--------+--------+--------+--------+--------+-----+--------+
         Total |   4110 |   3933 |    177 |    296 |   2753 |   5 |  822.0 |
       Dungeon |   4110 |   3933 |    177 |    296 |   2753 |   5 |  822.0 |
               +--------+--------+--------+--------+--------+-----+--------+

Top non-repeatable levels by time:
     D:2: 1202 daAuts
     D:4: 1120 daAuts
     D:1: 684 daAuts
     D:3: 671 daAuts
     D:5: 431 daAuts
